 Dungeon Crawl Stone Soup version 0.18.1-6-gd335043 (webtiles) character file.

106 M4edhros the Insei (level 4, 0/35 HPs)
             Began as a Mummy Monk on May 16, 2016.
             Slain by a hobgoblin
             ... wielding a +0 club
              (4 damage)
             ... on level 3 of the Dungeon.
             The game lasted 00:03:35 (3377 turns).

M4edhros the Insei (Mummy Monk)                     Turns: 3377, Time: 00:03:36

Health: 0/35       AC:  0    Str: 14    XL:     4   Next: 55%
Magic:  4/4        EV:  8    Int:  9    God:
Gold:   85         SH: 11    Dex: 15    Spells: 0 memorised, 3 levels left

rFire  x . .     SeeInvis .       - Unarmed
rCold  + + .     Gourm    .     (no armour)
rNeg   + + +     Faith    .     k - +0 large shield
rPois  ∞         Spirit   .     (no helmet)
rElec  .         Dismiss  .     (no cloak)
rCorr  .         Reflect  .     (no gloves)
SustAt .         Harm     .     (no boots)
MR     .....                    (no amulet)
Stlth  ++........               (no ring)
                                g - ring of protection from cold

@: not resistant to hostile enchantments, unstealthy
A: no food or potions, fire vulnerability, cold resistance 1, negative energy
resistance 3, torment resistance, unbreathing
a: no special abilities


You were on level 3 of the Dungeon.
You were not hungry.

You visited 1 branch of the dungeon, and saw 3 of its levels.

You collected 85 gold pieces.

Inventory:

Missiles
 e - a throwing net
 m - 47 arrows
Armour
 k - a +0 large shield (worn)
Jewellery
 g - a ring of protection from cold (left hand)
Scrolls
 b - 4 scrolls of remove curse {unknown}
 c - 2 scrolls of fog {unknown}
 d - 2 scrolls of enchant armour {unknown}
 i - 4 scrolls of identify {unknown}
 j - a scroll of amnesia {unknown}
 l - 3 scrolls of noise {unknown}
 n - a scroll of fear {unknown}
Comestibles
 a - 2 beef jerkies
 f - a fruit (quivered)
 h - a meat ration


   Skills:
 - Level 3.0 Fighting
 - Level 2.4 Dodging
 - Level 1.5 Stealth
 + Level 1.5 Shields
 + Level 4.6 Unarmed Combat


You had 3 spell levels left.
You didn't know any spells.

Dungeon Overview and Level Annotations

Branches:
Dungeon (3/15)

Altars:

Annotations:
D:2 Crazy Yiuf


Innate Abilities, Weirdness & Mutations

You do not eat or drink.
Your flesh is vulnerable to fire.
You are immune to poison.
Your flesh is cold resistant.
You are immune to negative energy.
You are immune to unholy pain and torment.
You can survive without breathing.


Message History

The giant gecko barely misses you.
Things that are here:
a jackal corpse x2
The quokka bites you.
* * * LOW HITPOINT WARNING * * *
You block the quokka's attack. You block the giant gecko's attack.
Found a stone staircase leading up.
The orc sings a few bars from the Orcish anthem.
The giant gecko bites you.
* * * LOW HITPOINT WARNING * * *
A hobgoblin comes into view. It is wielding a club.
The hobgoblin shouts!
You block the hobgoblin's attack.
A rat comes into view.
The giant gecko bites you.
* * * LOW HITPOINT WARNING * * *
You block the hobgoblin's attack. The giant gecko barely misses you.
The hobgoblin hits you with a club.
You die...

#..o..
#.#.....###..#.######...
...### #.......#
#...........# #.<.
##.#o.### #..###.....##
#...## #..# ####).##
#..##..#######..######...#
.......o.............##.#..
.........lo....##....##.###
........rg.###.###.<.##.###
##........@........†.......
#...#..#.####.####g.##.###
###.#.....o#..## ##g##.# #
#r...#.......$ #..#.# #
#....##.#.#... ##.#.# #
#... ....gg.####...# # ....
.......#......# .#.
#..g.g##...#
......[#....###


You could see 2 orcs, a giant gecko, a quokka and a hobgoblin.

Vanquished Creatures
  A gnoll (D:2)
  3 adders
  An ooze (D:3)
  3 worms (D:2)
  2 dart slugs
  A giant gecko (D:1)
  2 giant cockroaches (D:1)
  7 goblins
  11 hobgoblins
  5 jackals
  2 kobolds (D:1)
  A quokka (D:2)
  4 bats
  3 giant newts (D:2)
  5 rats
51 creatures vanquished.

Notes
Turn   | Place    | Note
--------------------------------------------------------------
     0 | D:1      | M4edhros the Mummy Monk began the quest for the Orb.
     0 | D:1      | Reached XP level 1. HP: 18/18 MP: 1/1
   205 | D:1      | Reached XP level 2. HP: 24/24 MP: 2/2
   765 | D:1      | Reached skill level 4 in Unarmed Combat
  1079 | D:2      | Reached XP level 3. HP: 26/29 MP: 3/3
  1405 | D:2      | Noticed Crazy Yiuf
  2401 | D:2      | Reached skill level 1 in Shields
  2765 | D:2      | Reached XP level 4. HP: 32/35 MP: 4/4
  3377 | D:3      | Slain by a hobgoblin

Skill      XL: |  1  2  3 |
---------------+----------+-----
Unarmed Combat | 4 |  4.6
Shields        | 1 |  1.5
Fighting       | |  3.0
Dodging        | |  2.4
Stealth        | |  1.5

Action                   |  1- 3 |  4- 6 || total
-------------------------+-------+-------++-------
Melee: Unarmed           |   176 |    44 ||   220
       Punch             |     1 |       ||     1
 Stab: Sleeping          |     3 |       ||     3
Dodge: Dodged            |    88 |    18 ||   106
Block: Large shield      |    45 |    35 ||    80
